 Dungeon Crawl Stone Soup version 0.30-a0-154-gb106f4c828 (webtiles) character file.

Game seed: 11233436434663664820

54 DocSulfur the Magician (level 4, 0/31 HPs)
             Began as a Djinni Fire Elementalist on July 29, 2021.
             Slain by Sigmund
             ... wielding a +0 scythe
              (7 damage)
             ... on level 2 of the Dungeon on Sept 27, 2022.
             The game lasted 00:06:39 (2144 turns).

DocSulfur the Magician (Djinni Fire Elementalist)   Turns: 2144, Time: 00:06:40

Health: 0/31       AC:  3    Str:  7    XL:     4   Next: 12%
Gold:   44         EV: 12    Int: 18    God:
                   SH:  0    Dex: 14

rFire   + + .      SeeInvis .    c - +0 dagger
rCold   x . .      Faith    .    (no shield)
rNeg    . . .      Spirit   .    a - +0 robe
rPois   ∞          Reflect  .    j - +0 helmet
rElec   .          Harm     .    (no cloak)
rCorr   .          Rampage  .    (no gloves)
Will    .....                    (boots unavailable)
Stlth   ++........               (no amulet)
HPRegen 0.10/turn                (no ring)
MPRegen 0.00/turn                (no ring)

@: flying
A: sickness immunity, fire resistance 2, cold vulnerability 1, float, innate
caster, HP casting, extra vitality 1
a: no special abilities


You were on level 2 of the Dungeon.
You visited 1 branch of the dungeon, and saw 2 of its levels.

You collected 44 gold pieces.

Inventory:

Hand Weapons
 c - a +0 dagger (weapon)
 d - a +0 whip
Armour
 a - a +0 robe (worn)
 j - a +0 helmet (worn)
Scrolls
 e - a scroll of magic mapping
 f - a scroll of acquirement {unknown}
 g - a scroll of immolation {unknown}
 l - a scroll of vulnerability {unknown}
Potions
 b - a potion of lignification {unknown}
 h - a potion of attraction {unknown}
 i - a potion of heal wounds {unknown}
 k - a potion of ambrosia {unknown}
 m - a potion of curing {unknown}


   Skills:
 - Level 2.1 Dodging
 - Level 1.5 Stealth
 + Level 3.6 Spellcasting


You couldn't memorise any spells.
You knew the following spells:

 Your Spells              Type           Power      Damage    Failure   Level
a - Foxfire               Conj/Fire      64%        2x1d7     3%          1
b - Pain                  Necr           64%        1d7       3%          1
c - Inner Flame           Hex/Fire       16%        N/A       10%         3
d - Sticky Flame          Conj/Fire      16%        2d4       32%         4
e - Fireball              Conj/Fire      8%         3d6       67%         5
f - Pain                  Necr           64%        1d7       3%          1
Your spell library was empty.

Dungeon Overview and Level Annotations

Branches:
Dungeon (2/15)

Altars:

Annotations:
D:2 Sigmund


Innate Abilities, Weirdness & Mutations

You are immune to sickness and miasma.
You are immune to poison.
Your flesh is very heat resistant. (rF++)
You are vulnerable to cold. (rC-)
You float through the air rather than walking.
You learn spells naturally, not from books.
Your magical power is your life essence.
You have superior vitality. (+4 MHP)


Message History

Orders for allies: a - Attack new target. r - Retreat! s - Stop attacking. g - Guard the area. f - Follow me.
Anything else - Cancel.
You shout for attention!
You start resting.
HP restored.
Sigmund shouts!
Sigmund barely misses you.
Sigmund points at you and mumbles some strange words.
The puff of flame hits you. You resist.
There is a stone staircase leading down here.
Sigmund gestures wildly while chanting.
Sigmund flickers and vanishes!
Deactivating autopickup; reactivate with Ctrl-A.
Casting: Foxfire (safe; 3% risk of failure)
Confirm with . or Enter, or press ? or * to list all spells.
You conjure some foxfire!
Your foxfire dissipates!
The foxfire hits something.
Casting: Foxfire (safe; 3% risk of failure)
Confirm with . or Enter, or press ? or * to list all spells.
You conjure some foxfire!
The foxfire hits something but does no damage.
The foxfire hits something.
Something hits you!
Casting: Foxfire (safe; 3% risk of failure)
Confirm with . or Enter, or press ? or * to list all spells.
You conjure some foxfire!
The foxfire hits something. x2; Something barely misses you.
Casting: Foxfire (safe; 3% risk of failure)
Confirm with . or Enter, or press ? or * to list all spells.
You conjure some foxfire!
Something hits you!
* * * LOW HITPOINT WARNING * * *
The foxfire hits something. x2
Casting: Foxfire (safe; 3% risk of failure)
Confirm with . or Enter, or press ? or * to list all spells.
You conjure some foxfire!
* * * LOW HITPOINT WARNING * * *
Something hits you!
You die...

########..###..#########.#.#.#
.....................(.....#.#
#########.###.##########...#.#
#.# #.# #...... #.# #.#
###..##.# #.# #.# #.......)
#.# #{# #.#..##.# #.###.##
#>#..##.# #.##v@.# #.#..##..
#...v..#######.#..####
####..............# #
##.########.##.# # #.#
#..#.#### #.# ##.#.....
#######.# #.###### ........#
#.# .######.# #.#


There were no monsters in sight!

Vanquished Creatures
  An adder (D:2)
  A bat (D:1)
  3 endoplasms (D:1)
  5 giant cockroaches
  A goblin (D:1)
  4 hobgoblins
  9 jackals
  A quokka (D:1)
  4 ball pythons
  A frilled lizard (D:1)
  5 kobolds
  3 rats (D:1)
38 creatures vanquished.

Vanquished Creatures (others)
  132 foxfires
132 creatures vanquished.

Grand Total: 170 creatures vanquished

Notes
Turn   | Place    | Note
-------+----------+-------------------------------------------
     0 | D:1      | DocSulfur the Djinni Fire Elementalist began the quest for
                  | the Orb.
     0 | D:1      | Reached XP level 1. HP: 15/15 MP: 0/0
    36 | D:1      | Upgraded the game from 0.28-a0-46-g7b1be97da7 to
                  | 0.30-a0-154-gb106f4c828
   325 | D:1      | Reached XP level 2. HP: 18/21 MP: 0/0
   649 | D:1      | Found a faded altar of an unknown god.
   664 | D:1      | Reached skill level 3 in Spellcasting
   921 | D:1      | Reached XP level 3. HP: 22/25 MP: 0/0
   921 | D:1      | Learned a level 1 spell: Pain
  1710 | D:2      | Reached XP level 4. HP: 22/31 MP: 0/0
  1979 | D:2      | Noticed Sigmund
  2144 | D:2      | Slain by Sigmund

Illustrated notes

Levels and vault maps discovered:
D:1:      erik_arrival_blinker_ship, layout_loops_ring,
          chequers_ecumenical_altar_simple_redux
D:2:      layout_loops_ring, uniq_sigmund

Skill      XL: |  1  2 |
---------------+-------+-----
Spellcasting   | 3 |  3.6
Dodging        | |  2.1
Stealth        | |  1.5

Action                   |  1- 3 |  4- 6 || total
-------------------------+-------+-------++-------
 Cast: Foxfire           |    64 |    16 ||    80
  Use: Scroll            |     1 |       ||     1
Armor: Robe              |     1 |     1 ||     2
Dodge: Dodged            |    10 |     2 ||    12

Table legend: (Time is in decaauts)
 A = Elapsed time spent in this place.
 B = Non-inter-level travel time spent in this place.
 C = Inter-level travel time spent in this place.
 D = Time resting spent in this place.
 E = Time spent auto-exploring this place.
 F = Levels seen in this place.
 G = Mean time per level.
                   A        B        C        D        E       F      G
               +--------+--------+--------+--------+--------+-----+--------+
         Total |   2143 |   2126 |     17 |    611 |    869 |   2 | 1071.5 |
       Dungeon |   2143 |   2126 |     17 |    611 |    869 |   2 | 1071.5 |
               +--------+--------+--------+--------+--------+-----+--------+

Top non-repeatable levels by time:
     D:1: 1494 daAuts
     D:2: 648 daAuts
